 Dungeon Crawl Stone Soup version 0.30.1-11-g7821555f0a (webtiles) character file.

Game seed: 10598881947899961077

42642 fireball365 the Severer (level 13, -13/114 HPs)
             Began as a Minotaur Fighter on Oct 29, 2023.
             Was an Initiate of Gozag.
             Mangled by a white ugly thing (27 damage)
             ... on level 13 of the Dungeon.
             The game lasted 00:30:15 (14628 turns).

fireball365 the Severer (Minotaur Fighter)         Turns: 14628, Time: 00:30:16

Health: -13/114    AC: 21    Str: 36    XL:     13   Next: 86%
Magic:  12/12      EV: 10    Int:  4    God:    Gozag
Gold:   2061       SH:  4    Dex:  9    Spells: 12/12 levels left

rFire   + . .        i - +5 battleaxe (freeze)
rCold   . . .        (shield currently unavailable)
rNeg    . . .        t - +0 plate armour
rPois   .            (helmet restricted)
rElec   .            I - +1 cloak
rCorr   .            q - +0 pair of gloves
SInv    +            (no boots)
Will    +....        (no amulet) Stlth
                     w - +4 ring of slaying
HPRegen 0.39/turn    n - +6 ring of strength
MPRegen 0.13/turn

%: no passive effects
@: gold aura, studying Armour
A: horns 2, retaliatory headbutt, large bone plates 1, see invisible, fire
resistance 1, strong-willed 1, strong 1
a: Renounce Religion, Potion Petition, Call Merchant, Bribe Branch


You were on level 13 of the Dungeon.
You worshipped Gozag.
Gozag was most pleased with you.
You visited 2 branches of the dungeon, and saw 15 of its levels.
You also visited: Bailey.

You collected 2301 gold pieces.
You paid 240 gold pieces to Gozag.

Inventory:

Hand Weapons
 i - a +5 battleaxe of freezing (weapon)
 B - a +0 war axe of draining
 E - the +7 Throatcutter {drain, coup de grace}
   (You found it on level 5 of the Dungeon)
Missiles
 m - 26 poisoned darts (quivered)
Armour
 c - a +0 buckler
 q - a +0 pair of gloves (worn)
 t - a +0 plate armour (worn)
 I - a +1 cloak (worn)
Jewellery
 e - a ring of flight
 f - a ring of positive energy
 n - a +6 ring of strength (right hand)
 v - a ring of willpower
 w - a +4 ring of slaying (left hand)
 G - a +6 ring of intelligence
Wands
 a - a wand of iceblast (3)
 C - a wand of flame (45)
 D - a wand of polymorph (2)
 K - a wand of digging (2)
Scrolls
 b - a scroll of amnesia
 l - 4 scrolls of noise
 o - 3 scrolls of blinking
 y - 3 scrolls of brand weapon
 z - 2 scrolls of teleportation
 F - a scroll of enchant armour
 H - 4 scrolls of fear
 J - 9 scrolls of fog
 M - a scroll of identify
Potions
 d - 3 potions of might
 g - a potion of cancellation
 h - 3 potions of heal wounds
 j - 3 potions of berserk rage
 k - 3 potions of attraction
 p - 3 potions of haste
 r - 3 potions of degeneration
 s - 4 potions of flight
 u - 8 potions of curing
 x - 2 potions of invisibility
 A - 3 potions of brilliance
Miscellaneous
 L - a box of beasts


   Skills:
 + Level 10.7 Fighting
 - Level 10.2 Long Blades
 * Level 16.8(17.3) Axes
 + Level 7.0(12.9) Maces & Flails
 + Level 15.6 Armour
 + Level 5.0 Dodging
 + Level 1.1 Stealth
 + Level 10.0 Shields
 + Level 1.0 Evocations


You had 12 spell levels left.
You didn't know any spells.
Your spell library contained the following spells:

 Spells                   Type           Power      Damage    Failure   Level
 Slow                     Hex            0%         N/A       93%         1
 Confusing Touch          Hex            0%         N/A       100%        3
 Vampiric Draining        Necr           0%         2d6       100%        3
 Passage of Golubria      Tloc           0%         N/A       100%        4
 Borgnjor's Vile Clutch   Necr/Erth      0%         N/A       100%        5
 Silence                  Hex/Air        0%         N/A       100%        5
 Death Channel            Necr           0%         N/A       100%        6
 Lehudib's Crystal Spear  Conj/Erth      0%         10d2      100%        8
 Animate Dead             Necr           Unusable   N/A       N/A         4

Dungeon Overview and Level Annotations

Branches:
Dungeon (14/15)            Temple (1/1) D:7            Lair (0/5) D:11
    Orc (0/2) D:10         Bailey (visited)
 Vaults: D:13-14

Altars:
Ashenzari
Cheibriados
Dithmenos
Elyvilon
Fedhas
Gozag
Hepliaklqana
Kikubaaqudgha
Makhleb
Nemelex Xobeh
Okawaru
Qazlal
Ru
Sif Muna
Trog
Uskayaw
Vehumet
Wu Jian
Xom
Yredelemnul
Zin
The Shining One

Shops:
D:2 (


Innate Abilities, Weirdness & Mutations

You have a pair of horns on your head.
You reflexively headbutt those who attack you in melee.
You are partially covered in large bone plates. (SH +4)
You have supernaturally acute eyesight. (SInv)
Your flesh is heat resistant. (rF+)
You are strong-willed. (Will+)
Your muscles are strong. (Str +4, Int/Dex -1)


Message History

The cyan ugly thing is severely wounded.
The cyan ugly thing pecks you but does no damage.
You barely miss the cyan ugly thing.
Your headbutt misses the cyan ugly thing.
The cyan ugly thing is severely wounded.
The cyan ugly thing pecks you but does no damage.
You hit the cyan ugly thing. You freeze the cyan ugly thing.
The cyan ugly thing is severely wounded.
The cyan ugly thing closely misses you. You furiously retaliate!
You headbutt the cyan ugly thing. You slice the cyan ugly thing!!
You freeze the cyan ugly thing.
You kill the cyan ugly thing!
You now have 2055 gold pieces (gained 5).
You now have 2061 gold pieces (gained 6).
There is a stone staircase leading down, spattered with blood here.
You climb downwards.
The white ugly thing basks in the mutagenic energy from its kin and changes!
The white ugly thing tail-slaps you. The white ugly thing freezes you!!
The brown ugly thing basks in the mutagenic energy from its kin and changes!
There is a stone staircase leading up here.
The white ugly thing tail-slaps you! The white ugly thing freezes you!!
The brown ugly thing basks in the mutagenic energy from its kin and changes!
You climb upwards.
There is a stone staircase leading down, spattered with blood here.
You slice the cyan ugly thing!! You freeze the cyan ugly thing.
The cyan ugly thing is heavily wounded.
You closely miss the cyan ugly thing. You slice the white ugly thing!!
You freeze the white ugly thing.
The white ugly thing tail-slaps you but does no damage.
You slice the cyan ugly thing!! You freeze the cyan ugly thing.
You kill the cyan ugly thing!
You slash the cyan ugly thing! You freeze the cyan ugly thing.
You slash the white ugly thing! You freeze the white ugly thing.
The cyan ugly thing punches you. The cyan ugly thing shocks you!
* * * LOW HITPOINT WARNING * * *
The white ugly thing tail-slaps you!
* * * LOW HITPOINT WARNING * * *
The white ugly thing freezes you!!
You die...
Your body crumbles into a pile of gold.

#.............#..# #.#####....
#.............#..###..#.......
#.............#..##...#.......
#.............#..##...'.......
####.................#...#.......
.....................#...#.####..
.....................##..#.# #..
................$#..###..#.####.#
##..<..........u@...)............
#..............u..##.........#.#
#############.................#.#
..)...........##...##...........#
..............+.....#..........##
..............####..#..........##
.........................).......
......#..........................
.................................


You could see 2 ugly things.

Vanquished Creatures
  An orc warlord (Bailey)
  4 two-headed ogres
  Erica (D:9)
  A boulder beetle (D:13)
  Nergalle (D:11)
  2 orc knights
  A deep elf pyromancer (D:13)
  4 ugly things
  A manticore (D:11)
  3 cyclopes
  Joseph (D:8)
  3 gargoyles
  Psyche (D:8)
  Maggie (D:8)
  An unseen horror (D:13)
  5 trolls
  A raiju (shapeshifter) (D:13)
  8 slime creatures
  2 shadows
  2 wraiths
  12 yaks
  2 vampires
  2 wyverns (D:9)
  A redback simulacrum (D:13)
  3 vampire mosquitoes (D:12)
  The ghost of Nonny the Firebug, an amateur TeCA of Ignis (D:4)
  4 wargs
  An acid dragon (D:13)
  27 orc warriors
  3 ogres
  2 centaurs
  A kobold brigand (D:7)
  2 bullfrogs
  A gnoll sergeant (D:6)
  6 scorpions
  14 wights
  8 killer bees
  2 electric eels (D:5)
  2 howler monkeys
  9 hounds
  13 orc priests
  2 gnoll boudas
  A jelly (D:7)
  Jessica (D:2)
  5 iguanas
  19 orc wizards
  2 sleepcaps
  35 gnolls
  5 adders
  2 shadow imps
  A white imp (D:7)
  2 ufetubi
  A dart slug (D:1)
  63 orcs
  5 ball pythons
  8 endoplasms
  3 giant cockroaches
  22 goblins
  15 hobgoblins
  5 jackals
  18 kobolds
  3 quokkas
  7 bats
  3 frilled lizards
  5 rats
393 creatures vanquished.

Notes
Turn   | Place    | Note
-------+----------+-------------------------------------------
     0 | D:1      | fireball365 the Minotaur Fighter began the quest for the
                  | Orb.
     0 | D:1      | Reached XP level 1. HP: 19/19 MP: 0/0
    54 | D:1      | Reached skill level 3 in Axes
    62 | D:1      | Reached XP level 2. HP: 27/27 MP: 1/1
   335 | D:1      | Reached XP level 3. HP: 27/33 MP: 2/2
   869 | D:2      | Found a faded altar of an unknown god.
   970 | D:2      | Noticed Jessica
   985 | D:2      | Killed Jessica
   986 | D:2      | Reached XP level 4. HP: 37/40 MP: 3/3
  1112 | D:2      | Found Cajaps's Weapon Shoppe.
  1274 | D:2      | Reached skill level 5 in Armour
  1405 | D:2      | Gained mutation: You expend magic power (3 MP) to
                  | strengthen your wands. [potion of mutation]
  1405 | D:2      | Gained mutation: You are frail. (-10% HP) [potion of
                  | mutation]
  1409 | D:3      | Found a radiant altar of Vehumet.
  1414 | D:3      | Reached skill level 4 in Axes
  1566 | D:3      | Reached XP level 5. HP: 41/41 MP: 4/4
  1700 | D:3      | Reached skill level 1 in Dodging
  2499 | D:3      | Identified a scroll of acquirement
  2499 | D:3      | Acquired a manual of Armour
  2570 | D:4      | Reached skill level 5 in Axes
  2570 | D:4      | Reached XP level 6. HP: 47/47 MP: 5/5
  2661 | D:4      | Found a runed translucent door.
  2661 | D:4      | Noticed Nonny's ghost (amateur TeCA)
  3066 | D:4      | Reached skill level 5 in Fighting
  3156 | D:4      | Reached skill level 6 in Axes
  3156 | D:4      | Reached XP level 7. HP: 54/54 MP: 6/6
  3907 | D:5      | Entered Level 5 of the Dungeon
  3919 | D:5      | Reached skill level 7 in Axes
  4024 | D:5      | Found a transporter.
  4027 | D:5      | Found a transporter.
  4240 | D:5      | Reached skill level 8 in Axes
  4240 | D:5      | Reached XP level 8. HP: 63/63 MP: 7/7
  4515 | D:5      | Found the +7 Throatcutter {drain, coup de grace}
  4783 | D:5      | Found a white marble altar of Elyvilon.
  4964 | D:6      | Reached skill level 1 in Long Blades
  4973 | D:6      | Reached skill level 9 in Axes
  5042 | D:6      | Found a sacrificial altar of Ru.
  5194 | D:6      | Reached skill level 1 in Evocations
  5208 | D:6      | Reached skill level 5 in Shields
  5550 | D:6      | Found a bloodstained altar of Trog.
  5857 | D:6      | Found a basalt altar of Yredelemnul.
  5858 | D:6      | Found an ornate altar of the Wu Jian Council.
  6031 | D:6      | Reached XP level 9. HP: 70/70 MP: 8/8
  6572 | D:4      | Killed Nonny's ghost
  6692 | D:7      | Reached skill level 5 in Long Blades
  6801 | D:7      | Reached skill level 10 in Armour
  6971 | D:7      | Found a staircase to the Ecumenical Temple.
  7027 | D:7      | Found a flagged portal.
  7034 | Bailey   | Entered a bailey
  7173 | Bailey   | Noticed an orc knight
  7191 | Bailey   | Killed an orc knight
  7375 | Bailey   | Lost mutation: You expend magic power (3 MP) to strengthen
                  | your wands. [potion of mutation]
  7375 | Bailey   | Lost mutation: You are frail. (-10% HP) [potion of
                  | mutation]
  7375 | Bailey   | Gained mutation: You expend magic power (3 MP) to
                  | strengthen your wands. [potion of mutation]
  7375 | Bailey   | Gained mutation: You are strong-willed. (Will+) [potion of
                  | mutation]
  7376 | Bailey   | Lost mutation: You are strong-willed. (Will+) [potion of
                  | mutation]
  7376 | Bailey   | Lost mutation: You expend magic power (3 MP) to strengthen
                  | your wands. [potion of mutation]
  7376 | Bailey   | Gained mutation: You have supernaturally acute eyesight.
                  | (SInv) [potion of mutation]
  7376 | Bailey   | Gained mutation: You are partially covered in large bone
                  | plates. (SH +4) [potion of mutation]
  7376 | Bailey   | Gained mutation: You have hidden genetic potential. [potion
                  | of mutation]
  7376 | Bailey   | Gained mutation: You are strong-willed. (Will+) [potion of
                  | mutation]
  7420 | Bailey   | Reached XP level 10. HP: 82/86 MP: 9/9
  7502 | Bailey   | Noticed an orc warlord
  7520 | Bailey   | Killed an orc warlord
  7521 | Bailey   | Reached skill level 10 in Long Blades
  7691 | D:7      | Reached XP level 11. HP: 94/94 MP: 10/10
  7910 | D:7      | Reached skill level 5 in Dodging
  8019 | Temple   | Entered the Ecumenical Temple
  8019 | Temple   | Found a transporter.
  8019 | Temple   | Found a transporter.
  8021 | Temple   | Found a transporter.
  8021 | Temple   | Found a transporter.
  8733 | D:8      | Gained mutation: Your muscles are strong. (Str +4, Int/Dex
                  | -1) [hidden potential]
  8788 | D:8      | Found a shimmering altar of Xom.
  8791 | D:8      | Found an iron altar of Okawaru.
  8823 | D:8      | Found an opulent altar of Gozag.
  8830 | D:8      | Became a worshipper of Gozag Ym Sagoz the Greedy
  8858 | D:8      | Noticed a two-headed ogre
  8863 | D:8      | Killed a two-headed ogre
  8924 | D:8      | Reached skill level 10 in Axes
  9124 | D:8      | Noticed Joseph
  9137 | D:8      | Killed Joseph
  9296 | D:8      | Noticed Psyche
  9301 | D:8      | Killed Psyche
  9688 | D:8      | Noticed Maggie
  9697 | D:8      | Killed Maggie
  9845 | D:9      | Noticed a two-headed ogre
  9858 | D:9      | Reached skill level 11 in Axes
 10037 | D:9      | Identified the +7 sling of Ereema {speed, rElec rC+ Str+5}
 10269 | D:9      | Found a stormy altar of Qazlal.
 10320 | D:9      | Noticed Erica
 10326 | D:9      | Killed Erica
 10327 | D:9      | Reached skill level 12 in Axes
 10564 | D:9      | Killed a two-headed ogre
 10565 | D:9      | Reached XP level 12. HP: 70/103 MP: 11/11
 10707 | D:9      | Found a snail-covered altar of Cheibriados.
 10750 | D:10     | Entered Level 10 of the Dungeon
 10768 | D:10     | Reached skill level 1 in Stealth
 11013 | D:10     | Found a hazy altar of Hepliaklqana.
 11113 | D:10     | Found a staircase to the Orcish Mines.
 11166 | D:10     | Reached skill level 13 in Axes
 11524 | D:10     | Found a glowing golden altar of the Shining One.
 11658 | D:10     | Reached skill level 14 in Axes
 11658 | D:10     | Reached skill level 15 in Armour
 11658 | D:10     | Reached XP level 13. HP: 113/113 MP: 12/12
 11767 | D:11     | Found a staircase to the Lair.
 11788 | D:11     | Gained mutation: Your flesh is heat resistant. (rF+)
                  | [hidden potential]
 11788 | D:11     | Lost mutation: You have hidden genetic potential. [hidden
                  | potential expressed]
 12041 | D:11     | Noticed Nergalle
 12050 | D:11     | Killed Nergalle
 12051 | D:11     | Reached skill level 15 in Axes
 12572 | D:12     | Reached skill level 10 in Shields
 12574 | D:12     | Reached skill level 10 in Fighting
 13559 | D:13     | Identified the +1 leather armour "Upuawk" {rF++ Str+3}
 13642 | D:13     | Reached skill level 16 in Axes
 14628 | D:13     | Mangled by a white ugly thing

Illustrated notes

Levels and vault maps discovered:
D:1:      scummos_arrival_star, layout_loops_ring, minmay_misc_feat_pillars,
          minmay_misc_feat_rugged
D:2:      layout_basic, serial_shops, nicolae_shop_crystal, serial_corexii_hall,
          chequers_hall_statues_wall_a, corexii_hall_statues_l,
          chequers_hall_statues_corner_a, corexii_hall_statues_i,
          corexii_hall_statues_l, chequers_hall_statues_y,
          ebering_ecumenical_altar_sacrificial, uniq_jessica
D:3:      layout_basic, vehumet_crystals, serial_aquarium,
          aquarium_bridge_long_separate [aquarium_subvault_wall,
          aquarium_subvault_bridge, aquarium_subvault_bridge,
          aquarium_subvault_window, aquarium_subvault_bridge,
          aquarium_subvault_bridge], aquarium_window_1, aquarium_window_fake,
          aquarium_view_2e, aquarium_balcony_5a, aquarium_pool_1
D:4:      minmay_chambers_of_threes, layout_basic, gammafunk_ghost_grave
D:5:      gammafunk_steamed_eel, layout_cave_pools,
          nicolae_elyvilon_temple_path, nicolae_hexahallways
D:6:      layout_basic, lemuel_crystal_altar, hangedman_ru_absence,
          gammafunk_temple_overflow_pools, minmay_misc_feat_columns
D:7:      layout_layer_cave, minmay_temple_entry_large_hall, enter_bailey_2,
          hangedman_minor_gate_pass
D:8:      layout_basic, grunt_gozag_statues, mainiacjoe_overflow_catwalk_spiral,
          uniq_psyche, uniq_joseph, uniq_maggie
D:9:      layout_loops_cross, nicolae_qazlal_scattered_showers,
          lemuel_coloured_pillars_altar, uniq_erica
D:10:     minmay_klotski, layout_basic,
          mainiacjoe_overflow_concentric_impassable, kennysheep_mini,
          david_orc_3
D:11:     layout_cave_pools, erik_lair_orcish_takeover,
          minmay_unpleasant_kobolds, uniq_nergalle
D:12:     layout_roguey, special_room [special_room_orc]
D:13:     layout_basic, amethyst_killhole
D:14:     layout_roguey, ximxim_vaults_locker_room, minmay_misc_feat_chi,
          disabler_island, uniq_jorgrun
Temple:   hellmonk_temple_divided_pantheon

Skill      XL: |  1  2  3  4  5  6  7  8  9 10 11 12 13 |
---------------+----------------------------------------+-----
Axes           | 3 4 5 6 8 9 12 14 16 | 16.8
Fighting       | 4 5 6 7 8 9 10 | 10.7
Armour         | 4 5 6 7 9 10 13 15 | 15.6
Dodging        | 1 4 5 |  5.0
Shields        | 4 5 6 8 9 10 | 10.0
Long Blades    | 3 8 10 | 10.2
Evocations     | 1 |  1.0
Maces & Flails | 7 |  7.0
Stealth        | 1 |  1.1

Action                     |  1- 3 |  4- 6 |  7- 9 | 10-12 | 13-15 || total
---------------------------+-------+-------+-------+-------+-------++-------
  Melee: War axe           |    56 |   109 |    62 |       |       ||   227
         Headbutt          |    11 |    16 |    29 |    28 |    23 ||   107
         Long sword        |       |       |   173 |    24 |       ||   197
         Battleaxe         |       |       |       |   156 |   147 ||   303
  Evoke: Wand              |       |       |     4 |       |       ||     4
    Use: Scroll            |       |    10 |     5 |    10 |     1 ||    26
         Potion            |       |     1 |     2 |     2 |     2 ||     7
   Stab: Distracted        |       |       |       |     1 |     1 ||     2
 Armour: Scale mail        |    36 |    35 |       |       |       ||    71
         Plate armour      |       |    49 |   181 |    86 |    83 ||   399
  Dodge: Dodged            |    42 |    68 |   112 |    83 |    63 ||   368
  Block: Buckler           |    19 |    28 |    96 |     6 |       ||   149
         Other             |       |       |       |    29 |    20 ||    49
